 Dungeon Crawl Stone Soup version 0.23.2-1-ga50397a6bc (webtiles) character file.

Game seed: 1556932557370768660

64 Mrkan the Chucker (level 3, -1/36 HPs)
             Began as a Troll Hunter on May 19, 2019.
             Was an Initiate of Zin.
             Succumbed to Terence's poison
             ... on level 3 of the Dungeon.
             The game lasted 00:02:52 (1207 turns).

Mrkan the Chucker (Troll Hunter)                    Turns: 1207, Time: 00:02:52

Health: -1/36      AC:  6    Str: 21    XL:     3   Next: 91%
Magic:  2/2        EV: 10    Int:  7    God:    Zin [......]
Gold:   117        SH:  0    Dex: 10    Spells: 2/2 levels left

rFire    . . .     SeeInvis .     - Unarmed
rCold    . . .     Gourm    +   (no shield)
rNeg     . . .     Faith    .   b - +0 robe
rPois    .         Spirit   .   (helmet restricted)
rElec    .         Reflect  .   (no cloak)
rCorr    .         Harm     .   (gloves unavailable)
MR       .....                  (boots unavailable)
Stlth    +.........             (no amulet)
HPRegen  0.52/turn              (no ring)
MPRegen  0.08/turn              (no ring)

@: lethally poisoned (-1 -> -12)
A: large, unfitting armour, claws 3, fast metabolism 3, gourmand, regeneration
1, shaggy fur 1, tough skin 3
a: Donate Gold, Renounce Religion


You were on level 3 of the Dungeon.
You worshipped Zin.
Zin was noncommittal.
You were hungry.

You visited 1 branch of the dungeon, and saw 3 of its levels.

You collected 130 gold pieces.
You donated 13 gold pieces to Zin.

Inventory:

Hand Weapons
 a - a +0 short sword
Missiles
 c - 5 large rocks (quivered)
 d - 2 throwing nets
Armour
 b - a +0 robe (worn)
Scrolls
 e - 2 scrolls of enchant weapon {unknown}
 g - 2 scrolls of teleportation {unknown}
 i - a scroll of enchant armour {unknown}
 j - a scroll of remove curse {unknown}
 k - 3 scrolls of identify {unknown}
 l - a scroll of magic mapping {unknown}
 o - 2 scrolls of amnesia {unknown}
 q - a scroll of immolation {unknown}
Potions
 h - a potion of ambrosia {unknown}
 m - a potion of curing {unknown}
 n - 3 potions of mutation {unknown}
 p - a potion of heal wounds
Comestibles
 f - a ration


   Skills:
 + Level 2.3 Fighting
 - Level 4.0 Throwing
 - Level 1.5 Dodging
 - Level 0.3 Stealth
 * Level 2.0 Unarmed Combat
 + Level 0.5 Invocations


You had 2 spell levels left.
You didn't know any spells.
Your spell library was empty.

Dungeon Overview and Level Annotations

Branches:
Dungeon (3/15)

Altars:
Ashenzari
Zin


Innate Abilities, Weirdness & Mutations

You are too large for most types of armour.
You have claws for hands.
Your metabolism is lightning-fast.
You like to eat raw meat.
Your natural rate of healing is unusually fast.
You are covered in fur. (AC +1)
You have extremely tough skin. (AC +3)


Message History

You kill Terence!
Your Unarmed Combat skill increases to level 2!
* * * LOW HITPOINT WARNING * * *
You feel very sick. The jackal barely misses you. x2
* * * LOW HITPOINT WARNING * * *
You feel sick.
Items here: )) [ † a +2 hand axe of venom; a +0 scale mail; a +0 dagger the human corpse of Terence
* * * LOW HITPOINT WARNING * * *
You feel very sick.
You closely miss the jackal.
* * * LOW HITPOINT WARNING * * *
You feel sick. The jackal barely misses you.
An orc comes into view.
The jackal misses you.
* * * LOW HITPOINT WARNING * * *
You feel sick.
You die...

....##.#....#.#
.##.##.#....#.#
.##.##.#....#.#
.##......<..#.#
.#####..#####.#
............#.# .
###########.#.# ...
....#.#.#########o.o#.
..........@.hoo.K.....
..#.#.#.#.###########.
#.#........
.......###. ........#
.?...?...# #.........#
...%......
.#.#.#.#####


You could see 3 orcs, a jackal and a kobold.

Vanquished Creatures
  Terence (D:3)
  An ooze (D:1)
  A ball python (D:1)
  A giant cockroach (D:2)
  4 goblins
  5 hobgoblins
  7 jackals
  6 bats
  A kobold (D:2)
  2 rats
29 creatures vanquished.

Notes
Turn   | Place    | Note
-------+----------+-------------------------------------------
     0 | D:1      | Mrkan the Troll Hunter began the quest for the Orb.
     0 | D:1      | Reached XP level 1. HP: 19/19 MP: 0/0
   263 | D:1      | Reached XP level 2. HP: 28/28 MP: 1/1
   333 | D:1      | Reached skill level 1 in Unarmed Combat
   512 | D:2      | Found a shattered altar of Ashenzari.
   669 | D:2      | Reached XP level 3. HP: 35/35 MP: 2/2
   698 | D:2      | Reached skill level 4 in Throwing
   723 | D:2      | Found a glowing silver altar of Zin.
   726 | D:2      | Became a worshipper of Zin the Law-Giver
   726 | D:2      | Reached * piety under Zin
   775 | D:2      | You fall through a shaft!
   929 | D:2      | Found a faded altar of an unknown god.
  1178 | D:3      | Noticed Terence
  1202 | D:3      | Killed Terence
  1206 | D:3      | HP: 1/36 [poisoned by Terence]
  1207 | D:3      | Succumbed to Terence's poison

Skill      XL: |  1  2  3 |
---------------+----------+-----
Unarmed Combat | 1 2 |  2.0
Fighting       | 2 |  2.3
Throwing       | 4 |  4.0
Dodging        | |  1.5
Stealth        | |  0.3
Invocations    | |  0.5

Action                   || total
-------------------------++-------
Melee: Unarmed           ||    88
 Stab: Sleeping          ||     1
  Eat: Chunk             ||     4
       Ration            ||     1
Armor: Robe              ||    36
Dodge: Dodged            ||    55
